 Dungeon Crawl Stone Soup version 0.28-a0-661-g144af121cd (webtiles) character file.

Game seed: 5171799183426142456

105 KristoblXynda the Cutter (level 5, -1/32 HPs)
             Began as a Kobold Gladiator on Oct 14, 2021.
             Slain by Sigmund (12 damage)
             ... on level 2 of the Dungeon.
             The game lasted 00:01:25 (2143 turns).

KristoblXynda the Cutter (Kobold Gladiator)         Turns: 2143, Time: 00:01:26

Health: -1/32      AC:  4    Str: 13    XL:     5   Next: 9%
Magic:  5/5        EV: 16    Int:  9    God:
Gold:   100        SH:  0    Dex: 16    Spells: 4/4 levels left

rFire   . . .      SeeInvis .   a - +0 rapier
rCold   . . .      Faith    .   (shield restricted)
rNeg    . . .      Spirit   .   b - +0 leather armour
rPois   .          Reflect  .   c - +0 helmet
rElec   .          Harm     .   (no cloak)
rCorr   .          Rampage  .   (no gloves)
Will    .....                   (no boots)
Stlth   ++........              (no amulet)
HPRegen 0.10/turn               (no ring)
MPRegen 0.09/turn               (no ring)

@: no status effects
A: small, no large weapons, nightstalker 3
a: no special abilities


You were on level 2 of the Dungeon.
You visited 1 branch of the dungeon, and saw 2 of its levels.

You collected 100 gold pieces.

Inventory:

Hand Weapons
 a - a +0 rapier (weapon)
Missiles
 d - a throwing net (quivered)
Armour
 b - a +0 leather armour (worn)
 c - a +0 helmet (worn)
Scrolls
 e - a scroll of identify {unknown}
 f - a scroll of teleportation {unknown}
Potions
 g - a potion of lignification {unknown}


   Skills:
 + Level 3.2 Fighting
 + Level 4.9 Short Blades
 - Level 2.1 Throwing
 + Level 1.4 Armour
 + Level 4.5 Dodging


You had 4 spell levels left.
You didn't know any spells.
Your spell library was empty.

Dungeon Overview and Level Annotations

Branches:
Dungeon (2/15)

Altars:

Annotations:
D:2 Sigmund


Innate Abilities, Weirdness & Mutations

You are small and have problems with some larger weapons.
You are completely attuned to the shadows.


Message History

Sigmund is moderately wounded.
The frilled lizard hisses angrily.
Sigmund struggles against the net.
You hit Sigmund.
Sigmund is heavily wounded.
Sigmund gestures at you while chanting.
You are confused.
Sigmund struggles against the net.
The net rips apart, and Sigmund comes free!
You hit Sigmund but do no damage.
Sigmund is heavily wounded.
Sigmund closely misses you.
You miss the frilled lizard.
Sigmund casts a spell.
Sigmund flickers and vanishes!
Deactivating autopickup; reactivate with Ctrl-A.
The frilled lizard barely misses you.
You feel less confused.
You miss the frilled lizard. The frilled lizard closely misses you.
Something barely misses you.
You hit the frilled lizard.
You kill the frilled lizard!
You hear some strange, mumbled words.
Something tries to affect you, but you resist.
Something hits you but does no damage.
Throw: 2 throwing nets
Press: ? - help, Q - select action Shift-Dir - straight line, f - you Really target yourself? [Y]es or [N]o only, please.
Really target yourself?
Okay, then.
Unknown command.
Throw: 2 throwing nets
Press: ? - help, Q - select action Shift-Dir - straight line You throw a throwing net.
Something hits you!
You hit something but do no damage. Something hits you!
You hit something but do no damage. You closely miss something.
Something hits you!
You die...

##..........##........###.
#.....8.....#......### ..
##........†.##...#####.##
######## #....)........###......#
#......# ##..).....######........
#....†.# #......### #........
#......# ###...##########........
#.....####.#.###.{...............
#.....'....#.# #@##..............
#.....####...# #.##............##
#.....# #.### #.##.........####
#####.####.# #..#...†.....#
#<......# #.........##..
##.####.# #..#......#
#.####.######.#######.
#.............# #.####.######.#


There were no monsters in sight!

Vanquished Creatures
  Jessica (D:2)
  Natasha (D:2)
  3 dart slugs
  2 bats
  2 endoplasms
  A giant cockroach (D:2)
  3 goblins
  4 hobgoblins
  2 jackals (D:1)
  11 kobolds
  2 quokkas (D:2)
  8 ball pythons
  A frilled lizard (D:2)
  5 rats
46 creatures vanquished.

Notes
Turn   | Place    | Note
-------+----------+-------------------------------------------
     0 | D:1      | KristoblXynda the Kobold Gladiator began the quest for the
                  | Orb.
     0 | D:1      | Reached XP level 1. HP: 12/12 MP: 1/1
   219 | D:1      | Reached XP level 2. HP: 18/18 MP: 2/2
   328 | D:1      | Found a faded altar of an unknown god.
   549 | D:1      | Reached XP level 3. HP: 22/22 MP: 3/3
  1211 | D:2      | Reached skill level 1 in Armour
  1301 | D:2      | Noticed Jessica
  1313 | D:2      | Killed Jessica
  1314 | D:2      | Reached XP level 4. HP: 2/28 MP: 4/4
  1944 | D:2      | Noticed Natasha
  1954 | D:2      | Killed Natasha
  1955 | D:2      | Reached XP level 5. HP: 20/32 MP: 5/5
  2105 | D:2      | Noticed Sigmund
  2143 | D:2      | Slain by Sigmund

Illustrated notes

Levels and vault maps discovered:
D:1:      dpeg_arrival_ternary, layout_loops_cross,
          dilly_ecumenical_altar_fadedgnrine, grunt_decor_one_mirror
D:2:      minmay_skewed_foursquare, layout_basic, st_stairs_5,
          minmay_pentomino_s2, uniq_sigmund, uniq_jessica, uniq_natasha

Skill      XL: |  1  2  3 |
---------------+----------+-----
Dodging        | 4 |  4.5
Armour         | 1 |  1.4
Fighting       | 3 |  3.2
Short Blades   | |  4.9
Throwing       | |  2.1

Action                   |  1- 3 |  4- 6 || total
-------------------------+-------+-------++-------
Melee: Rapier            |    88 |    44 ||   132
Throw: Throwing net      |       |     2 ||     2
 Stab: Sleeping          |    12 |     2 ||    14
Armor: Leather armour    |    11 |     5 ||    16
Dodge: Dodged            |    42 |    27 ||    69

Table legend: (Time is in decaauts)
 A = Elapsed time spent in this place.
 B = Non-inter-level travel time spent in this place.
 C = Inter-level travel time spent in this place.
 D = Time resting spent in this place.
 E = Time spent auto-exploring this place.
 F = Levels seen in this place.
 G = Mean time per level.
                   A        B        C        D        E       F      G
               +--------+--------+--------+--------+--------+-----+--------+
         Total |   2139 |   2131 |      8 |    281 |   1556 |   2 | 1069.5 |
       Dungeon |   2139 |   2131 |      8 |    281 |   1556 |   2 | 1069.5 |
               +--------+--------+--------+--------+--------+-----+--------+

Top non-repeatable levels by time:
     D:2: 1189 daAuts
     D:1: 949 daAuts
